 Dungeon Crawl Stone Soup version 0.19-a0-1888-g6ba2374 (webtiles) character file.

504216 Niddhogr the Phalangite (level 26, 0/233 HPs)
             Began as a Formicid Fighter on Oct 14, 2016.
             Was the Champion of Okawaru.
             Slain by a vault warden
             ... wielding a +1 battleaxe
              (13 damage)
             ... on level 4 of the Vaults on Oct 17, 2016.
             The game lasted 04:03:53 (55695 turns).

Niddhogr the Phalangite (Formicid Fighter)         Turns: 55695, Time: 04:03:54

Health: 0/233      AC: 32    Str: 24    XL:     26   Next: 58%
Magic:  32/32      EV:  9    Int:  9    God:    Okawaru [******]
Gold:   3283       SH: 16    Dex: 26    Spells: 0 memorised, 25 levels left

rFire  + + .     SeeInvis +     g - +4 halberd (vamp)
rCold  . . .     Gourm    .     n - +1 plate armour "Doaddimn" {+Inv rF+ MR+ Str-4} (curse)
rNeg   . . .     Faith    +     e - +0 shield {AC+3}
rPois  .         Spirit   .     (helmet unavailable)
rElec  .         Dismiss  .     S - +2 cloak
rCorr  +         Reflect  .     k - +3 pair of gauntlets of War {Slay+5}
MR     ++++.     Harm     .     R - +2 pair of boots {run}
Stlth  ..........               y - amulet of faith
                                P - ring of Darkness {rF+ MR- Int+4 Dex+7}
                                W - ring "Habaymys" {rCorr Dex+3 Slay+3}

@: flayed, quick
A: permanent stasis, dig shafts and tunnels, four strong arms, antennae 3,
hooves 2, repulsion field 1, thin metallic scales 1, agile 1, dopey 2, magic
resistance 2
a: Dig, Shaft Self, Heroism, Finesse, Renounce Religion, Evoke Invisibility
}: 2/15 runes: decaying, serpentine


You were on level 4 of the Vaults.
You worshipped Okawaru.
Okawaru was exalted by your worship.
You were not hungry.

You visited 10 branches of the dungeon, and saw 44 of its levels.
You also visited: Labyrinth and Ice Cave.

You collected 5175 gold pieces.
You spent 1892 gold pieces at shops.

Inventory:

Hand Weapons
 g - a +4 vampiric halberd (weapon)
 T - a +9 bardiche of venom
Missiles
 j - 14 silver javelins
 B - 7 throwing nets
 E - 8 steel javelins
 K - 20 javelins of penetration
 M - 8 silver tomahawks
 O - 3 javelins
 U - 20 javelins of returning (quivered)
 V - 5 poisoned javelins
Armour
 e - a +0 shield of protection (worn)
 k - the +3 pair of gauntlets of War (worn) {Slay+5}
   (You acquired it on level 3 of the Depths)

   It affects your accuracy and damage with ranged weapons and melee attacks
   (+5).
 n - the cursed +1 plate armour "Doaddimn" (worn) {+Inv rF+ MR+ Str-4}
   (You found it on level 3 of the Depths)

   It affects your strength (-4).
   It protects you from fire.
   It affects your resistance to hostile enchantments.
   It lets you turn invisible.
   It has a curse placed upon it.
 R - a +2 pair of boots of running (worn)
 S - a +2 cloak (worn)
Jewellery
 p - an uncursed amulet of dismissal
 y - an amulet of faith (around neck)
 z - an uncursed amulet of regeneration
 C - an uncursed amulet of guardian spirit
 J - a +3 amulet of reflection
 P - the ring of Darkness (right hand) {rF+ MR- Int+4 Dex+7}
   (You found it on level 2 of the Vaults)

   [ring of protection from fire]

   It affects your intelligence (+4).
   It affects your dexterity (+7).
   It protects you from fire.
   It affects your resistance to hostile enchantments.
 W - the ring "Habaymys" (left hand) {rCorr Dex+3 Slay+3}
   (You found it on level 3 of the Lair of Beasts)

   [ring of resist corrosion]

   It affects your dexterity (+3).
   It affects your accuracy and damage with ranged weapons and melee attacks
   (+3).
Wands
 c - a wand of disintegration (12/24)
 x - a wand of teleportation (6/9)
Scrolls
 a - 12 scrolls of identify
 l - 10 scrolls of immolation
 m - 18 scrolls of remove curse
 r - 5 scrolls of fog
 s - 2 scrolls of fear
 t - 11 scrolls of recharging
 u - 5 scrolls of magic mapping
 D - 2 scrolls of holy word
 F - 2 scrolls of silence
 X - 4 scrolls of enchant armour
 Z - a scroll of torment
Potions
 b - 4 potions of magic
 d - 5 potions of cancellation
 i - 4 potions of heal wounds
 q - 20 potions of curing
 v - 7 potions of brilliance
 w - 5 potions of flight
 A - 6 potions of invisibility
 I - a potion of might
 L - 4 potions of agility
 N - 4 potions of resistance
 Q - a potion of ambrosia
 Y - 3 potions of lignification
Comestibles
 f - 24 bread rations
 h - 23 meat rations
 o - 3 royal jellies
 G - a chunk of flesh
 H - 3 beef jerkies


   Skills:
 * Level 24.4 Fighting
 + Level 25.4 Polearms
 - Level 16.3 Throwing
 - Level 10.5 Armour
 - Level 15.2 Shields
 - Level 12.2 Invocations


You had 25 spell levels left.
You didn't know any spells.

Dungeon Overview and Level Annotations

Branches:
Dungeon (15/15)            Temple (1/1) D:5            Lair (6/6) D:10
  Swamp (4/4) Lair:2        Snake (4/4) Lair:2        Slime (1/5) Lair:5
    Orc (2/2) D:10            Elf (3/3) Orc:2        Vaults (3/5) D:14
 Depths (4/5) D:15
  Crypt: Vaults:2-3

Altars:
Ashenzari
Cheibriados
Dithmenos
Elyvilon
Fedhas
Gozag
Hepliaklqana
Kikubaaqudgha
Makhleb
Nemelex Xobeh
Okawaru
Qazlal
Ru
Sif Muna
Trog
Uskayaw
Vehumet
Xom
Yredelemnul
Zin
The Shining One
Jiyva

Shops:
D:11 [   D:14 [   Orc:2 *?%*   Elf:1 (   Elf:2 *   Elf:3 %   Snake:1 ?}%%!
Vaults:1 =   Vaults:2 !   Depths:4 =}=

Portals:
Hell: Depths:1 Depths:2 Depths:3
Abyss: Depths:4
Pandemonium: Depths:1 Depths:3
Ziggurat: Depths:3

Annotations:
D:11 exclusion: obsidian statue


Innate Abilities, Weirdness & Mutations

You are under a permanent stasis effect.
You can dig through walls and to a lower floor.
Your four strong arms can wield two-handed weapons with a shield.
You have a pair of large antennae on your head. (SInv)
You have hoof-like feet.
You are surrounded by a mild repulsion field. (EV +2)
You are partially covered in thin metallic scales. (AC +2)
You are agile. (Dex +2)
You are very dopey. (Int -4)
You are highly resistant to hostile enchantments. (MR++)


Message History

You are too injured to fight recklessly!
You are too injured to fight recklessly!
Unknown command.
You closely miss the flayed ghost.
The vault warden hits you with an enchanted battleaxe!!
* * * LOW HITPOINT WARNING * * *
The flayed ghost hits you but does no damage.
You impale the flayed ghost!!
The flayed ghost is heavily damaged.
The vault warden hits you with an enchanted battleaxe!
* * * LOW HITPOINT WARNING * * *
You slice the flayed ghost!!
The flayed ghost is almost destroyed.
The flayed ghost hits you.
* * * LOW HITPOINT WARNING * * *
You hit the flayed ghost.
The flayed ghost is almost destroyed.
The flayed ghost hits you but does no damage.
The vault warden hits you with an enchanted battleaxe!
You die...

#)#.#...#.#.#
######(###########
......(# .......# #
.......# .# .......#
#### #..# .......# #..#
....#
.......########.p#c....#
.......'......#.@Wpc...#
.......#......#..#c....#
..<....#......+..# #####
.......#......####
.......#......#
.......#......#
#'#############
........# ........#


You could see a vault warden, a flayed ghost, a vault sentinel and 3 yaktaurs.

Vanquished Creatures
  Mara (Swamp:3)
  4 juggernauts
  Mennas (Vaults:4)
  A juggernaut (shapeshifter) (Depths:3)
  Sojobo (Depths:3)
  Bai Suzhen (Depths:1)
  4 caustic shrikes (Depths:2)
  Saint Roka (Depths:3)
  5 golden dragons
  3 tentacled monstrosities
  6 liches
  A quicksilver dragon (Depths:4)
  A deep elf blademaster (Elf:3)
  3 deep elf master archers (Elf:3)
  A titan (Depths:4)
  Frances (Snake:2)
  An acid blob (Slime:1)
  2 thorn hunters
  4 sphinxes
  Roxanne (Snake:2)
  A shadow dragon (Depths:2)
  11 nagarajas
  4 tengu reavers
  2 azure jellies (Slime:1)
  An iron dragon (Depths:3)
  10 deep elf sorcerers
  5 fire giants
  A caustic shrike zombie (D:15)
  8 frost giants
  Louise (Depths:4)
  5 vault wardens
  3 orc warlords
  Aizul (Snake:2)
  4 deep elf elementalists
  9 ironheart preservers
  16 stone giants
  3 spriggan defenders
  2 vampire knights
  11 very ugly things
  2 entropy weavers (Vaults:4)
  4 deep elf demonologists
  A lorocyproca (Depths:1)
  7 deep elf annihilators
  8 spark wasps
  7 deep elf death magi
  13 ettins
  7 deep elf high priests
  8 fire dragons
  A minotaur (Lab)
  16 yaktaur captains
  10 vault guards
  13 ice dragons
  6 great orbs of eyes
  3 ghost crabs
  7 rakshasas
  17 naga warriors
  25 hydras
  3 spriggan air magi (Depths:2)
  A merfolk avatar (Lair:6)
  3 anacondas
  Harold (Lair:1)
  Erica (Lair:1)
  A death knight (Vaults:4)
  10 centaur warriors
  7 tengu warriors
  4 alligators
  5 deep troll shamans
  7 ogre magi
  18 deep troll earth magi
  27 dancing weapons
  10 spriggan berserkers
  3 vampire magi
  An orc high priest (Orc:2)
  21 naga sharpshooters
  Nergalle (D:10)
  27 deep elf knights
  8 shock serpents
  5 skeletal warriors
  6 hell knights
  A salamander mystic (Snake:4)
  A small abomination (Elf:3)
  3 spriggan druids (Swamp:4)
  A gelid demonspawn (Depths:1)
  35 deep trolls
  3 glowing orange brains
  A spark wasp zombie (Depths:4)
  3 sea snakes
  14 orc knights
  18 deep elf archers
  A phantasmal warrior (Vaults:4)
  2 unseen horrors
  9 swamp dragons (Swamp:4)
  6 flayed ghosts
  6 naga ritualists
  A shambling mangrove (Swamp:4)
  Pikel (D:5)
  8 ironbrand convokers
  4 lindwurms (Lair:3)
  6 hill giants
  A tengu zombie (Depths:4)
  3 necromancers
  2 harpies (Lair:6)
  4 wizards
  75 deep elf magi
  A shining eye (shapeshifter) (Depths:3)
  33 ugly things
  A glowing shapeshifter (Depths:3)
  A stone giant zombie (D:15)
  8 mana vipers
  A moth of wrath (shapeshifter) (Vaults:2)
  A wolf spider zombie (D:15)
  4 manticores
  9 cyclopes
  6 salamanders
  A sphinx skeleton (Depths:4)
  3 wolf spiders
  6 orc sorcerers
  A shining eye (Slime:1)
  A frost giant zombie (Depths:4)
  A fire giant skeleton (D:15)
  2 centaur zombies (D:14)
  3 elephants (Lair:6)
  A guardian serpent (shapeshifter) (Depths:1)
  3 guardian serpents (Snake:3)
  5 ice statues (IceCv)
  2 rust devils
  33 black mambas
  4 gargoyles
  29 naga magi
  8 vault sentinels
  22 spiny frogs
  An orange demon (Depths:1)
  4 centaur skeletons
  7 rime drakes (Lair:6)
  57 yaktaurs
  An anaconda simulacrum (IceCv)
  A freezing wraith (Vaults:4)
  A kobold demonologist (D:15)
  14 komodo dragons
  A hellwing (Depths:1)
  A komodo dragon (shapeshifter) (D:13)
  A guardian mummy (D:15)
  An ice devil (Depths:1)
  3 tengu conjurers
  12 trolls
  2 polar bears (D:9)
  A jumping spider (Vaults:4)
  2 trolls (shapeshifter)
  3 meliai (D:14)
  A polar bear (shapeshifter) (Depths:1)
  A wind drake (Lair:6)
  8 hornets
  11 two-headed ogres
  41 slime creatures
  10 hippogriffs
  2 tyrant leeches
  7 bog bodies
  14 blink frogs (Lair:4)
  A deep troll zombie (D:15)
  4 redbacks
  11 air elementals
  4 spriggans
  4 shadows
  A wraith (D:14)
  2 dire elephant simulacra (IceCv)
  Sigmund (D:6)
  3 fire elementals
  6 water elementals
  A yak (shapeshifter) (D:14)
  6 wyverns
  A ynoxinul (Depths:1)
  7 basilisks
  A human (shapeshifter) (D:13)
  Grum (D:8)
  A hog (shapeshifter) (Vaults:1)
  45 yaks
  A steam dragon (D:8)
  A human simulacrum (Vaults:1)
  A mottled dragon (Vaults:2)
  6 hungry ghosts
  16 vampire mosquitoes
  8 wargs
  2 harpy simulacra (IceCv)
  2 iron troll simulacra (IceCv)
  A naga (shapeshifter) (Depths:3)
  50 nagas
  A soldier ant (D:12)
  A hydra simulacrum (IceCv)
  9 swamp worms
  6 insubstantial wisps
  15 water moccasins
  11 ice beasts
  A floating eye (shapeshifter) (Depths:2)
  3 porcupines (Lair:3)
  A hornet zombie (D:14)
  6 phantoms
  55 orc warriors
  13 swamp drakes
  2 black bears
  3 slaves (D:5)
  3 eyes of draining
  29 ogres
  7 sky beasts
  An ettin simulacrum (IceCv)
  2 necrophages (D:8)
  4 wolves
  21 centaurs
  7 boggarts
  13 crocodiles
  A big kobold (D:10)
  23 bullfrogs
  A gnoll sergeant (D:11)
  An earth elemental (Lab)
  4 scorpions
  9 killer bees
  21 wights
  6 electric eels
  5 howler monkeys
  7 crimson imps
  3 bullfrog zombies
  2 quasits
  2 bullfrog skeletons (D:12)
  A lava snake (Lair:5)
  4 hounds
  29 orc priests
  3 iron imps (Depths:1)
  3 jellies
  4 iguanas
  37 orc wizards
  Natasha (thrice) (D:2)
  6 worker ants
  15 gnolls
  12 adders
  2 river rats
  A shadow imp (D:13)
  4 white imps
  An ufetubus (D:9)
  5 adder skeletons
  2 worms (D:2)
  2 dart slugs (D:2)
  9 leopard geckos
  142 orcs
  7 giant cockroaches
  10 goblins
  16 hobgoblins
  19 jackals
  19 kobolds
  9 quokkas
  9 bats
  9 frilled lizards
  A jackal skeleton (D:6)
  A leopard gecko skeleton (D:4)
  3 quokka skeletons
  A quokka zombie (D:7)
  11 rats
  2 fungi
  2 plants
1964 creatures vanquished.

Vanquished Creatures (others)
  A centaur warrior (D:15)
  A deep elf archer (Elf:1)
  A cyclops (D:13)
  3 insubstantial wisps (Swamp:4)
  5 orc warriors (Orc:2)
  8 centaurs
  A crimson imp (D:5)
  2 orc wizards (D:5)
  2 orc priests (D:5)
  An adder (D:5)
  4 orcs
  12 fungi
  7 plants
  A withered plant (D:15)
49 creatures vanquished.

Grand Total: 2013 creatures vanquished

Notes
Turn   | Place    | Note
-------+----------+-------------------------------------------
     0 | D:1      | Niddhogr the Formicid Fighter began the quest for the Orb.
     0 | D:1      | Reached XP level 1. HP: 18/18 MP: 1/1
    89 | D:1      | Reached XP level 2. HP: 16/24 MP: 2/2
   404 | D:1      | Reached skill level 3 in Polearms
   430 | D:1      | Reached XP level 3. HP: 26/29 MP: 3/3
  1198 | D:2      | Reached skill level 4 in Polearms
  1198 | D:2      | Reached XP level 4. HP: 21/35 MP: 4/4
  1426 | D:2      | Noticed Natasha
  1438 | D:2      | Killed Natasha
  1898 | D:2      | Found a hazy altar of Hepliaklqana.
  1921 | D:2      | Reached XP level 5. HP: 41/41 MP: 5/5
  2047 | D:2      | Reached skill level 5 in Polearms
  2954 | D:3      | Reached XP level 6. HP: 27/47 MP: 6/6
  3324 | D:3      | Reached skill level 6 in Polearms
  3495 | D:2      | Noticed Natasha
  3510 | D:2      | Killed Natasha
  3600 | D:2      | Noticed Natasha
  3612 | D:2      | Killed Natasha
  3783 | D:2      | Found a hazy altar of Hepliaklqana.
  4687 | D:4      | Reached XP level 7. HP: 52/52 MP: 7/7
  4743 | D:4      | Reached skill level 7 in Polearms
  5359 | D:4      | Reached skill level 8 in Polearms
  5657 | D:4      | Found a sparkling altar of Nemelex Xobeh.
  5657 | D:4      | Found a shimmering altar of Xom.
  5754 | D:5      | Entered Level 5 of the Dungeon
  5828 | D:5      | Gained mutation: You are frail. (-10% HP) [potion of mutation]
  5828 | D:5      | Gained mutation: You have large cloven feet. [potion of mutation]
  5828 | D:5      | Lost mutation: You have large cloven feet. [potion of mutation]
  5913 | D:5      | Found a glowing silver altar of Zin.
  5924 | D:5      | Noticed Pikel
  5975 | D:5      | Killed Pikel
  5975 | D:5      | Reached skill level 9 in Polearms
  5975 | D:5      | Reached XP level 8. HP: 22/52 MP: 8/8
  6527 | D:5      | Reached skill level 10 in Polearms
  6734 | D:5      | Found a staircase to the Ecumenical Temple.
  6974 | D:5      | Reached XP level 9. HP: 53/57 MP: 9/9
  7000 | Temple   | Entered the Ecumenical Temple
  7116 | Temple   | Became a worshipper of Warmaster Okawaru
  7848 | D:6      | Reached skill level 5 in Shields
  7920 | D:6      | Reached skill level 11 in Polearms
  7932 | D:6      | Reached * piety under Okawaru
  8080 | D:6      | Noticed Sigmund
  8095 | D:6      | Killed Sigmund
  8299 | D:6      | Found a basalt altar of Yredelemnul.
  8301 | D:6      | Noticed a profane servitor
  8315 | D:6      | Found a glowing golden altar of the Shining One.
  8331 | D:6      | Noticed an angel
  8664 | D:7      | Reached skill level 1 in Invocations
  9390 | D:7      | Reached XP level 10. HP: 57/63 MP: 10/12
  9695 | D:6      | Noticed a rust devil
  9695 | D:6      | Noticed a rust devil
  9735 | D:7      | HP: 3/63 [rust devil (8)]
 10825 | D:7      | Killed a rust devil
 10825 | D:7      | Reached skill level 12 in Polearms
 11321 | D:7      | Reached ** piety under Okawaru
 11991 | D:8      | Gained mutation: You are clumsy. (Dex -2) [mutagenic meat]
 11994 | D:8      | Gained mutation: You have very sharp teeth. [mutagenic meat]
 11997 | D:8      | Gained mutation: You are surrounded by a mild repulsion field. (EV +2) [mutagenic meat]
 12000 | D:8      | Gained mutation: You are very frail. (-20% HP) [mutagenic meat]
 12003 | D:8      | Gained mutation: Your flesh is cold resistant. (rC+) [mutagenic meat]
 12006 | D:8      | Gained mutation: Scrolls take you a little longer to read. [mutagenic meat]
 12115 | D:8      | Found a hide-covered altar of Uskayaw.
 12239 | D:8      | Noticed Grum
 12247 | D:8      | Killed Grum
 12250 | D:8      | Reached *** piety under Okawaru
 12462 | D:8      | Found a blossoming altar of Fedhas.
 12462 | D:8      | Found a snail-covered altar of Cheibriados.
 12605 | D:8      | Reached skill level 5 in Fighting
 12605 | D:8      | Reached XP level 11. HP: 49/63 MP: 10/14
 13730 | D:9      | Found a shadowy altar of Dithmenos.
 13811 | D:9      | Reached skill level 13 in Polearms
 13869 | D:9      | Found a stormy altar of Qazlal.
 14309 | D:9      | Reached **** piety under Okawaru
 14795 | D:10     | Entered Level 10 of the Dungeon
 14884 | D:10     | Noticed Nergalle
 15111 | D:10     | Found a staircase to the Lair.
 15459 | D:10     | Reached skill level 14 in Polearms
 15867 | D:10     | Found a staircase to the Orcish Mines.
 15924 | D:10     | Noticed a spectral orc warlord
 15928 | D:10     | Killed Nergalle
 15928 | D:10     | Reached XP level 12. HP: 75/75 MP: 15/15
 15961 | D:10     | Reached ***** piety under Okawaru
 16199 | D:11     | Gained mutation: Your body sometimes deteriorates upon taking damage. [mutagenic meat]
 16205 | D:11     | Lost mutation: Scrolls take you a little longer to read. [mutagenic meat]
 16208 | D:11     | Lost mutation: You are clumsy. (Dex -2) [mutagenic meat]
 16230 | D:11     | Found Eziodora's Antique Armour Boutique.
 16300 | D:11     | Got an ancient brass amulet
 16324 | D:11     | Noticed an unseen horror
 16326 | D:11     | Killed an unseen horror
 16644 | D:11     | Reached skill level 10 in Fighting
 17137 | D:12     | Gained mutation: Your spells are a little harder to cast, but a little more powerful. [mutagenic meat]
 17143 | D:12     | Reached skill level 5 in Invocations
 17344 | D:12     | Identified the amulet "Wygat" {Inacc rN+ MR+} (You found it on level 11 of the Dungeon)
 17445 | D:12     | Reached skill level 15 in Polearms
 17456 | D:12     | Lost mutation: You are very frail. (-20% HP) [mutagenic meat]
 17459 | D:12     | Gained mutation: Your body often deteriorates upon taking damage. [mutagenic meat]
 17465 | D:12     | Gained mutation: You evolve. [mutagenic meat]
 17468 | D:12     | Gained mutation: You are surrounded by a moderate repulsion field. (EV +3) [mutagenic meat]
 17656 | D:12     | Received a gift from Okawaru
 17670 | D:12     | Identified a +2 pair of boots of running (Okawaru gifted it to you on level 12 of the Dungeon)
 18078 | D:13     | Gained mutation: Your muscles are strong. (Str +2) [mutagenic meat]
 18237 | D:13     | Noticed a seven-headed hydra
 18240 | D:13     | Noticed a centaur warrior
 18248 | D:13     | Killed a seven-headed hydra
 18248 | D:13     | Reached XP level 13. HP: 66/95 MP: 15/18
 18253 | D:13     | Killed a centaur warrior
 18253 | D:13     | Reached ****** piety under Okawaru
 18545 | D:13     | Noticed a centaur warrior
 18550 | D:13     | Killed a centaur warrior
 19087 | D:14     | Noticed a six-headed hydra
 19097 | D:14     | Killed a six-headed hydra
 19673 | D:14     | Found a blossoming altar of Fedhas.
 19692 | D:14     | Noticed a vault guard
 19695 | D:14     | Noticed a vault guard
 19703 | D:14     | Noticed a vault guard
 19710 | D:14     | Noticed a vault guard
 19711 | D:14     | Noticed a vault guard
 19714 | D:14     | Received a gift from Okawaru
 19716 | D:14     | Noticed a vault guard
 19720 | D:14     | Noticed a vault guard
 19749 | D:13     | Killed a vault guard
 19759 | D:13     | Killed a vault guard
 19773 | D:13     | Killed a vault guard
 19950 | D:13     | Killed a vault guard
 19952 | D:13     | Received a gift from Okawaru
 19976 | D:13     | Killed a vault guard
 19976 | D:13     | Reached skill level 16 in Polearms
 19976 | D:13     | Reached skill level 10 in Invocations
 19982 | D:13     | Killed a vault guard
 19982 | D:13     | Reached XP level 14. HP: 99/104 MP: 18/21
 20090 | D:14     | Found a gate to the Vaults.
 20350 | D:14     | Found Seeqaph's Armour Boutique.
 20380 | D:15     | Entered Level 15 of the Dungeon
 20476 | D:15     | Received a gift from Okawaru
 20648 | D:15     | Identified a scroll of acquirement
 20665 | D:15     | Received a gift from Okawaru
 20898 | D:15     | Found a staircase to the Depths.
 21228 | D:15     | Lost mutation: Your body often deteriorates upon taking damage. [mutagenic meat]
 21231 | D:15     | Gained mutation: Your muscles are very strong. (Str +4) [mutagenic meat]
 22127 | Lair:1   | Entered Level 1 of the Lair of Beasts
 22172 | Lair:1   | Noticed Erica
 22189 | Lair:1   | Killed Erica
 22291 | Lair:1   | Noticed Harold
 22317 | Lair:1   | Killed Harold
 22713 | Lair:1   | Lost mutation: Your body sometimes deteriorates upon taking damage. [evolution]
 22870 | Lair:1   | Reached XP level 15. HP: 99/113 MP: 24/24
 23044 | Lair:2   | Found a staircase to the Snake Pit.
 23110 | Lair:2   | Found a staircase to the Swamp.
 23772 | Lair:3   | Reached skill level 17 in Polearms
 24539 | Lair:3   | Got a brightly glowing steel ring
 24570 | Lair:3   | Identified the ring "Habaymys" {rCorr Dex+3 Slay+3} (You found it on level 3 of the Lair of Beasts)
 24927 | Lair:4   | Received a gift from Okawaru
 25804 | Lair:4   | Reached skill level 15 in Fighting
 26032 | Lair:5   | Found a staircase to the Slime Pits.
 26032 | Lair:5   | Found a viscous altar of Jiyva.
 26485 | Lair:5   | Found a glowing golden altar of the Shining One.
 26672 | Lair:6   | Entered Level 6 of the Lair of Beasts
 26673 | Lair:6   | Found a hazy altar of Hepliaklqana.
 26765 | Lair:6   | Reached skill level 5 in Armour
 26796 | Lair:6   | Received a gift from Okawaru
 27009 | Lair:6   | Reached skill level 18 in Polearms
 27317 | Lair:6   | Reached XP level 16. HP: 110/122 MP: 25/25
 27994 | Orc:1    | Entered Level 1 of the Orcish Mines
 28421 | Orc:1    | Found a burning altar of Makhleb.
 28518 | Orc:2    | Entered Level 2 of the Orcish Mines
 28562 | Orc:2    | Found a labyrinth entrance.
 28595 | Lab      | Entered a labyrinth
 29147 | Lab      | Received a gift from Okawaru
 29186 | Lab      | Got a jewelled scale mail {god gift}
 29197 | Lab      | Identified the +6 scale mail "Jusaowast" {Int+8 Dex-2 SInv} (Okawaru gifted it to you in a labyrinth)
 29282 | Lab      | Got a twisted plate armour
 29293 | Lab      | Identified the +5 plate armour of Uskayaw's Generosity {rC+} (You found it in a labyrinth)
 29294 | Lab      | Got a smoking crystal amulet
 29296 | Lab      | Identified the amulet of Dughosagg {Gourm Dex+4} (You found it in a labyrinth)
 30129 | Orc:2    | Found Unleijups's Food Shoppe.
 30129 | Orc:2    | Found Owauv's Magic Scroll Shop.
 30228 | Orc:2    | Gained mutation: Your mind is acute. (Int +2) [evolution]
 30270 | Orc:2    | Found a staircase to the Elven Halls.
 30388 | Orc:2    | Reached skill level 19 in Polearms
 30401 | Orc:2    | Found Pyitaf's General Store.
 30403 | Orc:2    | Found Zofomoing's General Store.
 30413 | Orc:2    | Bought a scroll of magic mapping for 45 gold pieces
 30413 | Orc:2    | Bought a scroll of fog for 26 gold pieces
 30413 | Orc:2    | Bought a scroll of silence for 97 gold pieces
 30413 | Orc:2    | Bought a scroll of fog for 26 gold pieces
 30415 | Orc:2    | Bought a scroll of remove curse for 33 gold pieces
 30599 | Orc:2    | Reached skill level 10 in Armour
 30623 | Orc:2    | Upgraded the game from 0.19-a0-1879-gd95bc26 to 0.19-a0-1886-gd64a0f0
 30826 | Elf:1    | Entered Level 1 of the Elven Halls
 31105 | Elf:1    | Reached XP level 17. HP: 127/127 MP: 26/26
 31106 | Elf:1    | Found Degeolie's Antique Weapon Boutique.
 31217 | Elf:1    | Received a gift from Okawaru
 31948 | Elf:1    | Reached skill level 1 in Throwing
 32782 | Elf:1    | HP: 3/127 [deep elf mage/bolt of lightning (32)]
 33037 | Elf:2    | Gained mutation: You are partially covered in icy blue scales. (AC +2) [evolution]
 33037 | Elf:2    | Lost mutation: You evolve. [end of evolution]
 33118 | Elf:2    | Reached skill level 5 in Throwing
 33536 | Elf:2    | Received a gift from Okawaru
 33542 | Elf:2    | Found Tidaeh's General Store.
 33552 | Elf:2    | Bought a scroll of acquirement for 884 gold pieces
 33737 | Elf:2    | Found a runed gate.
 33737 | Elf:2    | Found a runed gate.
 33737 | Elf:2    | Found a runed gate.
 33746 | Elf:2    | Reached skill level 20 in Polearms
 33967 | Elf:2    | Reached XP level 18. HP: 121/135 MP: 23/27
 34076 | Elf:2    | Received a gift from Okawaru
 34484 | Elf:3    | Entered Level 3 of the Elven Halls
 35243 | Elf:3    | Found Ziell's Food Shop.
 35333 | Elf:3    | Received a gift from Okawaru
 35371 | Elf:3    | Reached skill level 10 in Throwing
 35413 | Elf:3    | Received a gift from Okawaru
 35539 | Elf:3    | Noticed a deep elf master archer
 35556 | Elf:3    | Killed a deep elf master archer
 35556 | Elf:3    | Received a gift from Okawaru
 35560 | Elf:3    | Noticed a deep elf master archer
 35563 | Elf:3    | Killed a deep elf master archer
 35666 | Elf:3    | Noticed a deep elf master archer
 35695 | Elf:3    | Killed a deep elf master archer
 35702 | Elf:3    | Reached XP level 19. HP: 140/140 MP: 24/28
 35987 | Elf:3    | Noticed a deep elf blademaster
 35995 | Elf:3    | Killed a deep elf blademaster
 36002 | Elf:3    | Received a gift from Okawaru
 36424 | Elf:3    | Got a dazzling spear
 36425 | Elf:3    | Identified the +3 spear "Uqeij" {speed, Str+3} (You found it on level 3 of the Elven Halls)
 36457 | Elf:3    | Identified the Reference Book on Boosts
 36477 | Elf:3    | Got an ichor-stained ring mail
 36488 | Elf:3    | Identified the +2 ring mail of the Journeyman {MR- Str+6} (You found it on level 3 of the Elven Halls)
 36515 | Elf:3    | Got a dazzling trident
 36517 | Elf:3    | Identified the +3 trident of Conformity {drain, *Rage rF+ rN+++} (You found it on level 3 of the Elven Halls)
 36523 | Elf:3    | Got a pair of polished gloves
 36534 | Elf:3    | Identified the cursed +0 pair of gloves of Purpose {Int+4} (You found it on level 3 of the Elven Halls)
 36914 | Snake:1  | Entered Level 1 of the Snake Pit
 36915 | Snake:1  | Found Viutar's Food Emporium.
 37079 | Snake:1  | Found Pogack's Gadget Shop.
 37175 | Snake:1  | Found Irarucud's Magic Scroll Emporium.
 37181 | Snake:1  | Bought a scroll of brand weapon for 320 gold pieces
 37181 | Snake:1  | Bought a scroll of enchant weapon for 120 gold pieces
 37227 | Snake:1  | Found Gidixaypn's Food Emporium.
 37330 | Snake:1  | Found Domil's Distillery.
 37335 | Snake:1  | Bought a potion of curing for 33 gold pieces
 37335 | Snake:1  | Bought a potion of curing for 33 gold pieces
 37335 | Snake:1  | Bought a potion of heal wounds for 55 gold pieces
 37335 | Snake:1  | Bought a potion of heal wounds for 55 gold pieces
 37335 | Snake:1  | Bought 2 potions of curing for 66 gold pieces
 37400 | Snake:1  | You fall through a shaft!
 37400 | Snake:2  | Noticed Aizul
 37418 | Snake:2  | Killed Aizul
 37430 | Snake:2  | Reached skill level 21 in Polearms
 37443 | Snake:2  | Gained mutation: Your system is resistant to poisons. (rPois) [mutagenic meat]
 37449 | Snake:2  | Lost mutation: You are frail. (-10% HP) [mutagenic meat]
 37452 | Snake:2  | Lost mutation: Your flesh is cold resistant. (rC+) [mutagenic meat]
 37497 | Snake:2  | Noticed Roxanne
 37549 | Snake:2  | Found a stormy altar of Qazlal.
 37667 | Snake:2  | Received a gift from Okawaru
 37735 | Snake:2  | Noticed Frances
 37750 | Snake:2  | Killed Frances
 37831 | Snake:2  | Received a gift from Okawaru
 38055 | Snake:2  | Received a gift from Okawaru
 38233 | Snake:2  | Received a gift from Okawaru
 38486 | Snake:2  | Killed Roxanne
 38486 | Snake:2  | Received a gift from Okawaru
 38500 | Snake:2  | Identified Roxanne's Tome of Changing (You took it off Roxanne on level 2 of the Snake Pit)
 39252 | Snake:3  | Reached XP level 20. HP: 163/163 MP: 29/29
 40060 | Snake:4  | Entered Level 4 of the Snake Pit
 40071 | Snake:4  | Reached skill level 15 in Throwing
 40103 | Snake:4  | Received a gift from Okawaru
 40172 | Snake:4  | Found a frozen archway.
 40183 | Snake:4  | Gained mutation: Your flesh is cold resistant. (rC+) [mutagenic meat]
 40186 | Snake:4  | Lost mutation: Your flesh is cold resistant. (rC+) [mutagenic meat]
 40189 | Snake:4  | Gained mutation: Your flesh is cold resistant. (rC+) [mutagenic meat]
 40192 | Snake:4  | Gained mutation: You are covered in fur. (AC +1) [mutagenic meat]
 40198 | Snake:4  | Gained mutation: Scrolls take you a little longer to read. [mutagenic meat]
 40204 | Snake:4  | Lost mutation: Your muscles are very strong. (Str +4) [mutagenic meat]
 40207 | Snake:4  | Lost mutation: Scrolls take you a little longer to read. [mutagenic meat]
 40213 | Snake:4  | Gained mutation: Your body sometimes deteriorates upon taking damage. [mutagenic meat]
 40214 | IceCv    | Entered an ice cave
 40264 | IceCv    | Received a gift from Okawaru
 40491 | IceCv    | Identified Isheoruh's Volume of Blows and Bruises
 40617 | Snake:4  | Received a gift from Okawaru
 41065 | Snake:4  | Received a gift from Okawaru
 41266 | Snake:4  | Got a serpentine rune of Zot
 41277 | Snake:4  | Received a gift from Okawaru
 41307 | Snake:4  | Received a gift from Okawaru
 41315 | Snake:4  | Reached skill level 10 in Shields
 41315 | Snake:4  | Reached XP level 21. HP: 169/169 MP: 30/30
 41398 | Snake:4  | Reached skill level 22 in Polearms
 41525 | Swamp:1  | Entered Level 1 of the Swamp
 43107 | Swamp:3  | Noticed Mara
 43132 | Swamp:3  | Noticed Niddhogr's illusion
 43133 | Swamp:3  | Killed Mara
 43776 | Swamp:4  | Entered Level 4 of the Swamp
 44129 | Swamp:4  | Received a gift from Okawaru
 44177 | Swamp:4  | Received a gift from Okawaru
 44204 | Swamp:4  | Received a gift from Okawaru
 44259 | Swamp:4  | Received a gift from Okawaru
 44318 | Swamp:4  | Got a pair of smoking gloves {god gift}
 44329 | Swamp:4  | Identified the +2 pair of gloves of the Crushed Souls {Str+4} (Okawaru gifted it to you on level 4 of the Swamp)
 44348 | Swamp:4  | Got a decaying rune of Zot
 44736 | Slime:1  | Entered Level 1 of the Pits of Slime
 44754 | Slime:1  | Gained mutation: You regenerate slowly when monsters are visible. [a shining eye]
 44772 | Slime:1  | Lost mutation: Your muscles are strong. (Str +2) [potion of cure mutation]
 44772 | Slime:1  | Lost mutation: Your body sometimes deteriorates upon taking damage. [potion of cure mutation]
 44772 | Slime:1  | Lost mutation: Your spells are a little harder to cast, but a little more powerful. [potion of cure mutation]
 44773 | Slime:1  | Lost mutation: Your flesh is cold resistant. (rC+) [potion of cure mutation]
 44773 | Slime:1  | Lost mutation: Your system is resistant to poisons. (rPois) [potion of cure mutation]
 44773 | Slime:1  | Lost mutation: You have very sharp teeth. [potion of cure mutation]
 44773 | Slime:1  | Lost mutation: Your mind is acute. (Int +2) [potion of cure mutation]
 45340 | Depths:1 | Entered Level 1 of the Depths
 45383 | Depths:1 | Found a gateway to Hell.
 45549 | Depths:1 | Lost mutation: You regenerate slowly when monsters are visible. [mutagenic meat]
 45552 | Depths:1 | Gained mutation: You have large cloven feet. [mutagenic meat]
 45555 | Depths:1 | Gained mutation: Your muscles are strong. (Str +2) [mutagenic meat]
 45558 | Depths:1 | Gained mutation: You are frail. (-10% HP) [mutagenic meat]
 45567 | Depths:1 | Gained mutation: You have an increased reservoir of magic. (+10% MP) [mutagenic meat]
 45570 | Depths:1 | Gained mutation: You have sharp fingernails. [mutagenic meat]
 45573 | Depths:1 | Gained mutation: Your flesh is heat resistant. (rF+) [mutagenic meat]
 45576 | Depths:1 | Lost mutation: Your muscles are strong. (Str +2) [mutagenic meat]
 45742 | Depths:1 | Found a one-way gate leading to the halls of Pandemonium.
 45865 | Depths:1 | Lost mutation: Your flesh is heat resistant. (rF+) [mutagenic meat]
 45906 | Depths:1 | Noticed Bai Suzhen
 45970 | Depths:1 | Killed Bai Suzhen
 45970 | Depths:1 | Reached XP level 22. HP: 158/158 MP: 28/34
 46031 | Depths:1 | Received a gift from Okawaru
 46065 | Depths:1 | Reached skill level 15 in Shields
 46080 | Depths:1 | Gained mutation: You are very frail. (-20% HP) [potion of mutation]
 46080 | Depths:1 | Gained mutation: Your flesh is cold resistant. (rC+) [potion of mutation]
 46557 | Depths:1 | Received a gift from Okawaru
 47080 | Depths:2 | Received a gift from Okawaru
 47325 | Depths:2 | Reached skill level 23 in Polearms
 47368 | Depths:2 | Received a gift from Okawaru
 47403 | Depths:2 | Gained mutation: You are weak. (Str -2) [mutagenic meat]
 47406 | Depths:2 | Gained mutation: You are extremely frail. (-30% HP) [mutagenic meat]
 47412 | Depths:2 | Gained mutation: You are dopey. (Int -2) [mutagenic meat]
 47415 | Depths:2 | Gained mutation: Your body sometimes deteriorates upon taking damage. [mutagenic meat]
 47418 | Depths:2 | Lost mutation: You are surrounded by a moderate repulsion field. (EV +3) [mutagenic meat]
 47421 | Depths:2 | Gained mutation: You are partially covered in thin metallic scales. (AC +2) [mutagenic meat]
 47532 | Depths:2 | Identified the Handbook of the Endless Deaths
 47686 | Depths:2 | Noticed a golden dragon
 47745 | Depths:2 | Killed a golden dragon
 47745 | Depths:2 | Received a gift from Okawaru
 47827 | Depths:2 | Got a bloodstained bardiche {god gift}
 47828 | Depths:2 | Identified the +8 bardiche "Osusoimo" {protect, +Rage rElec rC+ MP+9} (Okawaru gifted it to you on level 2 of the Depths)
 47857 | Depths:2 | Noticed a juggernaut
 47875 | Depths:2 | Killed a juggernaut
 47875 | Depths:2 | Reached XP level 23. HP: 131/131 MP: 28/35
 47909 | Depths:2 | Received a gift from Okawaru
 47929 | Depths:2 | Lost mutation: You are partially covered in icy blue scales. (AC +2) [mutagenic meat]
 47932 | Depths:2 | Gained mutation: You are partially covered in icy blue scales. (AC +2) [mutagenic meat]
 47935 | Depths:2 | Lost mutation: You are extremely frail. (-30% HP) [mutagenic meat]
 47944 | Depths:2 | Got a polished chain mail
 47955 | Depths:2 | Identified the +1 chain mail of Gozag's Regard {Int+3 SInv} (You found it on level 2 of the Depths)
 48006 | Depths:2 | Received a gift from Okawaru
 48035 | Depths:2 | Got a pair of brightly glowing boots {god gift}
 48047 | Depths:2 | Identified the +0 pair of boots of Brilliance {MR+ MP+9 Dex+4 Slay-5} (Okawaru gifted it to you on level 2 of the Depths)
 48139 | Depths:2 | Noticed a caustic shrike
 48147 | Depths:2 | Noticed a caustic shrike
 48148 | Depths:2 | Noticed a caustic shrike
 48148 | Depths:2 | Noticed a caustic shrike
 48168 | Depths:2 | You fall through a shaft for 2 floors!
 48169 | Depths:4 | Upgraded the game from 0.19-a0-1886-gd64a0f0 to 0.19-a0-1888-g6ba2374
 48491 | Depths:4 | Found Dicadden's Jewellery Shop.
 48492 | Depths:4 | Found Ikoachei's Gadget Emporium.
 48493 | Depths:4 | Found Funkog's Jewellery Shop.
 48612 | Depths:4 | Noticed Louise
 48643 | Depths:4 | Killed Louise
 48646 | Depths:4 | Noticed a golden dragon
 48661 | Depths:4 | Killed a golden dragon
 48722 | Depths:4 | Found a one-way gate to the infinite horrors of the Abyss.
 48988 | Depths:4 | Received a gift from Okawaru
 49103 | Depths:3 | Noticed Saint Roka
 49132 | Depths:3 | Killed Saint Roka
 49187 | Depths:3 | Noticed Sojobo
 49199 | Depths:3 | Received a gift from Okawaru
 49232 | Depths:3 | Killed Sojobo
 49239 | Depths:3 | Received a gift from Okawaru
 49330 | Depths:3 | Noticed a juggernaut
 49347 | Depths:3 | Killed a juggernaut
 49347 | Depths:3 | Received a gift from Okawaru
 49347 | Depths:3 | Reached XP level 24. HP: 114/162 MP: 35/35
 49543 | Depths:3 | Noticed a juggernaut
 49560 | Depths:3 | Killed a juggernaut
 49560 | Depths:3 | Received a gift from Okawaru
 49634 | Depths:3 | Reached skill level 24 in Polearms
 50135 | Depths:3 | Found an iron altar of Okawaru.
 50135 | Depths:3 | Found a basalt altar of Yredelemnul.
 50142 | Depths:3 | Found a shattered altar of Ashenzari.
 50232 | Depths:3 | Found a gateway to a ziggurat.
 50551 | Depths:3 | Received a gift from Okawaru
 50767 | Depths:3 | Noticed a juggernaut
 50767 | Depths:3 | a hellephant changed into a juggernaut
 50777 | Depths:3 | Killed a juggernaut
 50868 | Depths:3 | Noticed a golden dragon
 50896 | Depths:3 | Killed a golden dragon
 50896 | Depths:3 | Received a gift from Okawaru
 50958 | Depths:3 | Noticed a juggernaut
 50960 | Depths:3 | Noticed a golden dragon
 50963 | Depths:3 | Noticed a golden dragon
 50990 | Depths:3 | Killed a golden dragon
 51001 | Depths:3 | Killed a juggernaut
 51006 | Depths:3 | Killed a golden dragon
 51014 | Depths:3 | Reached XP level 25. HP: 172/172 MP: 29/35
 51095 | Depths:3 | Gained mutation: You are very dopey. (Int -4) [mutagenic meat]
 51120 | Depths:3 | Got a scorched plate armour
 51131 | Depths:3 | Identified the cursed +1 plate armour "Doaddimn" {+Inv rF+ MR+ Str-4} (You found it on level 3 of the Depths)
 51438 | Depths:2 | Killed a caustic shrike
 51492 | Depths:2 | Killed a caustic shrike
 51501 | Depths:2 | Killed a caustic shrike
 51501 | Depths:2 | Received a gift from Okawaru
 51511 | Depths:2 | Killed a caustic shrike
 51781 | Vaults:1 | Entered Level 1 of the Vaults
 51781 | Vaults:1 | Found a radiant altar of Vehumet.
 52589 | Vaults:1 | Found Bocrim's Jewellery Boutique.
 52950 | Vaults:1 | Received a gift from Okawaru
 53076 | Vaults:1 | Lost mutation: You are very frail. (-20% HP) [mutagenic meat]
 53079 | Vaults:1 | Gained mutation: You are clumsy. (Dex -2) [mutagenic meat]
 53387 | Vaults:2 | Received a gift from Okawaru
 53412 | Vaults:2 | Reached skill level 25 in Polearms
 53596 | Vaults:2 | Lost mutation: Your body sometimes deteriorates upon taking damage. [mutagenic meat]
 53602 | Vaults:2 | Lost mutation: You are very dopey. (Int -4) [mutagenic meat]
 53605 | Vaults:2 | Lost mutation: You have an increased reservoir of magic. (+10% MP) [mutagenic meat]
 53611 | Vaults:2 | Lost mutation: You are weak. (Str -2) [mutagenic meat]
 53617 | Vaults:2 | Gained mutation: You occasionally shout uncontrollably at your foes. [mutagenic meat]
 53620 | Vaults:2 | Gained mutation: You are resistant to hostile enchantments. (MR+) [mutagenic meat]
 53712 | Vaults:2 | Found Ejim's Distillery.
 53720 | Vaults:2 | Bought a potion of curing for 54 gold pieces
 53720 | Vaults:2 | Bought a potion of mutation for 45 gold pieces
 53721 | Vaults:2 | Lost mutation: You are clumsy. (Dex -2) [potion of mutation]
 53952 | Vaults:2 | Reached XP level 26. HP: 206/206 MP: 32/32
 53983 | Vaults:2 | Lost mutation: Your flesh is cold resistant. (rC+) [mutagenic meat]
 53986 | Vaults:2 | Lost mutation: You are resistant to hostile enchantments. (MR+) [mutagenic meat]
 53989 | Vaults:2 | Lost mutation: You are frail. (-10% HP) [mutagenic meat]
 53995 | Vaults:2 | Gained mutation: You have hoof-like feet. [mutagenic meat]
 53998 | Vaults:2 | Gained mutation: You are agile. (Dex +2) [mutagenic meat]
 54108 | Vaults:2 | Got a clouded steel ring
 54110 | Vaults:2 | Identified the ring of Darkness {rF+ MR- Int+4 Dex+7} (You found it on level 2 of the Vaults)
 54168 | Vaults:2 | Received a gift from Okawaru
 54584 | Vaults:2 | Gained mutation: You are resistant to hostile enchantments. (MR+) [mutagenic meat]
 54593 | Vaults:2 | Lost mutation: You are partially covered in icy blue scales. (AC +2) [mutagenic meat]
 54596 | Vaults:2 | Lost mutation: You occasionally shout uncontrollably at your foes. [mutagenic meat]
 54599 | Vaults:2 | Gained mutation: You passively map a small area around you. [mutagenic meat]
 54602 | Vaults:2 | Gained mutation: You are highly resistant to hostile enchantments. (MR++) [mutagenic meat]
 54883 | Vaults:3 | You fall through a shaft!
 54921 | Vaults:4 | Noticed Mennas
 54998 | Vaults:4 | Killed Mennas
 55034 | Vaults:4 | Received a gift from Okawaru
 55169 | Vaults:4 | Received a gift from Okawaru
 55300 | Vaults:4 | Gained mutation: You are very dopey. (Int -4) [mutagenic meat]
 55303 | Vaults:4 | Lost mutation: You passively map a small area around you. [mutagenic meat]
 55306 | Vaults:4 | Lost mutation: You are covered in fur. (AC +1) [mutagenic meat]
 55315 | Vaults:4 | Lost mutation: You have sharp fingernails. [mutagenic meat]
 55317 | Vaults:4 | Got a pair of steaming gloves {god gift}
 55329 | Vaults:4 | Identified the +0 pair of gloves "Widutzut" {Slay+2 Stlth+} (Okawaru gifted it to you on level 4 of the Vaults)
 55695 | Vaults:4 | Slain by a vault warden

Vault maps used:
D:1:      minmay_arrival_plants_in_alcoves, minmay_hexomino_f4
D:2:      nicolae_overflow_hidden_temple, nicolae_underground_beach,
          uniq_natasha
D:3:      first_bread
D:4:      gammafunk_temple_overflow_elements, minmay_door_square,
          hangedman_abyss_or_decor_lesser_grid, kennysheep_potato
D:5:      kennysheep_mini, uniq_pikel
D:6:      cheibrodos_iron_armory, grunt_temple_overflow_holy_war,
          corexii_hall_statues_i, uniq_sigmund
D:7:      corexii_shantytown
D:8:      statuecave_lemuel, lemuel_round_altar, gammafunk_temple_overflow_wave,
          uniq_grum
D:9:      nicolae_dithmenos_through_a_glass_darkly, old_standard_altar,
          serial_ice, serial_ice_d, serial_ice_f, serial_ice_e, serial_ice_a,
          grunt_pizzeria
D:10:     due_lair_maze_entry_diamond, erik_orc_2, corexii_leaking_fountain,
          uniq_nergalle
D:11:     serial_shops, nicolae_shop_trees, minmay_misc_feat_plants,
          nicolae_lava_and_water, minmay_gold_behind_fungi, minmay_statue_bubble
D:14:     erik_vaults_2, fedhas_altar_2, serial_shops, nicolae_shop_crystal
D:15:     gammafunk_depths_entry_grave, dk_noncrumbling_4, serial_bayou_lagoon_a
Temple:   jpeg_temple_alley_garden
Lair:1:   lemuel_fruit_fields, uniq_erica, uniq_harold
Lair:2:   swamp_mist, guppyfry_snake_entry_island
Lair:3:   minmay_lindwurm_lava, lemuel_fruit_fields
Lair:4:   pond
Lair:5:   slime_altar_1, lemuel_centaur_altar
Lair:6:   gammafunk_lair_ancient_temple, basic_altar
Swamp:1:  evilmike_swamp_ruin_rubble_1, infiniplex_staircase_pool
Swamp:2:  evilmike_swamp_ruin_house_6
Swamp:3:  evilmike_swamp_ruin_house_1, uniq_mara
Swamp:4:  swamp, swamp_pool1, nicolae_swamp_little_tower
Snake:1:  serial_shops, nicolae_shop_stone, nicolae_shop_trees, shop,
          nicolae_shop_behind_doors, nicolae_shop_trees, special_room
Snake:2:  basic_altar, uniq_frances, uniq_aizul, uniq_roxanne
Snake:3:  serial_bayou_shore_b, lemuel_fruit_tree
Snake:4:  snake_pit, portal_ice_cave_entry_ugly_swarm
Orc:1:    bloody_makhleb
Orc:2:    st_orc_rangers, lab_entry_generic
Elf:1:    minmay_elf_arrival_plus, serial_shops, shop_fountains,
          hangedman_elf_represent, grunt_ministairs_13
Elf:2:    serial_shops, shop_statue, minmay_misc_feat_five,
          basic_stair_grate_trap
Elf:3:    minmay_elf_hall_quartered_circle, serial_shops, shop
Vaults:1: nicolae_vaults_little_squares_1, serial_ice_h, v_misc_10,
          ontoclasm_vaults_ring_small, vaults_dpeg_ring,
          nicolae_vaults_little_squares_6, v_misc_30, ontoclasm_vaults_ligature,
          nicolae_vaults_asterisk, v_rooms_6, v_misc_24, vaults_mumra_hex,
          vaults_dpeg_encased_lava, basic_altar, serial_shops, shop
Vaults:2: v_misc_3, v_misc_19, nicolae_vaults_asterisk,
          nicolae_vaults_three_branches, grunt_vaults_twisty,
          grunt_vaults_swirl, nicolae_vaults_little_ls, vaults_room_pool,
          serial_shops, nicolae_shop_crystal
Vaults:3: vaults_room_grid, v_misc_14, minmay_crypt_entry_vampire_xt,
          v_pattern_4, nicolae_vaults_statue_guard,
          hangedman_vaults_stretched_pinwheel, hangedman_vaults_stagger,
          nicolae_vaults_network_barrier, ontoclasm_vaults_chip, v_misc_24,
          v_alt_pattern_6, nicolae_vaults_gold_heap, vaults_room_stairs_pillars,
          serial_shops, shop
Vaults:4: v_pattern_5, ontoclasm_vaults_misaligned,
          vaults_room_grunt_arrival_ludios, v_misc_30, v_misc_3,
          nicolae_vaults_angled_halls, hangedman_vaults_hat,
          hangedman_vaults_corner, vaults_room_semicircle, v_alt_pattern_4,
          nicolae_vaults_little_squares_2, uniq_mennas
Depths:1: grunt_pan_entry_zigzag, grunt_hell_entry_dis_mu, hangedman_decor_push,
          uniq_bai_suzhen
Depths:2: grunt_bent_corner, pf_coc_iceberg, serial_sigils_hangedman_carve
Depths:3: hangedman_slaughterboxes, pan_entry, serial_shops, hell_entry,
          uniq_sojobo, uniq_saint_roka
Depths:4: minmay_broken_ring, nicolae_abyss_entry_one_way_or_another,
          lightli_too_deep, infiniplex_staircase_pool_lava, minmay_shop_grove
Lab:      nicolae_lab_checkerboard, nicolae_lab_grate_2, nicolae_lab_swirl,
          nicolae_lab_plus, nicolae_lab_starburst, nicolae_lab_arrow,
          nicolae_lab_grate, labyrinth_lava_lair, nicolae_lab_flowing_pool
IceCv:    ice_cave_statue_garden_chambered

Skill      XL: |  1  2  3  4  5  6  7  8  9 10 11 12 13 14 15 16 17 18 19 20 21 22 23 24 25 26 |
---------------+-------------------------------------------------------------------------------+-----
Polearms       | 3 4 5 6 9 10 11 12 14 15 16 18 19 20 21 22 23 24 25 | 25.4
Shields        | 7 9 10 14 15 | 15.2
Invocations    | 2 4 6 10 12 | 12.2
Fighting       | 5 8 11 12 14 15 17 19 21 23 24 | 24.4
Armour         | 6 10 | 10.5
Throwing       | 7 11 14 16 | 16.3

Action                   |  1- 3 |  4- 6 |  7- 9 | 10-12 | 13-15 | 16-18 | 19-21 | 22-24 | 25-27 || total
-------------------------+-------+-------+-------+-------+-------+-------+-------+-------+-------++-------
Melee: Trident           |   112 |   291 |   558 |    55 |       |       |       |       |       ||  1016
       Halberd           |       |       |       |   733 |   999 |   882 |  1944 |  1599 |  1310 ||  7467
       Bite              |       |       |       |    56 |   132 |   140 |   270 |       |       ||   598
       Bardiche          |       |       |       |       |       |   325 |       |       |       ||   325
Throw: Javelin           |       |       |       |     6 |    43 |     4 |    36 |       |       ||    89
       Tomahawk          |       |       |       |       |       |       |    20 |       |       ||    20
Invok: Heroism           |       |       |     1 |    14 |    16 |    14 |    13 |    20 |     5 ||    83
       Finesse           |       |       |       |       |     8 |    12 |    13 |    17 |     5 ||    55
 Abil: Dig               |       |     1 |     3 |     3 |     2 |     2 |     3 |     1 |       ||    15
       Shaft Self        |       |       |       |       |       |       |       |     1 |       ||     1
Evoke: Wand              |       |       |       |       |     3 |       |     1 |       |       ||     4
  Use: Scroll            |     2 |     4 |     4 |     9 |     8 |     8 |    19 |     3 |     2 ||    59
       Potion            |       |     9 |     3 |     2 |     4 |     3 |     2 |     2 |     1 ||    26
 Stab: Confused          |       |       |       |       |     1 |       |       |       |       ||     1
       Distracted        |       |       |       |       |       |     1 |     1 |       |     1 ||     3
  Eat: Chunk             |     1 |    12 |    15 |    42 |    25 |    44 |    43 |    31 |    51 ||   264
       Pizza             |       |       |     1 |     3 |     3 |       |     7 |       |     1 ||    15
       Fruit             |       |       |       |     3 |     3 |     4 |    14 |     6 |       ||    30
       Beef jerky        |       |       |       |     1 |       |     1 |     3 |       |       ||     5
       Meat ration       |       |       |       |       |       |       |     2 |       |       ||     2
Armor: Scale mail        |    37 |    77 |    41 |       |       |       |       |       |       ||   155
       Plate armour      |       |       |   113 |   167 |   283 |   209 |   532 |   634 |   453 ||  2391
Dodge: Dodged            |    18 |    69 |    91 |   108 |   204 |   195 |   344 |   379 |   251 ||  1659
Block: Shield            |    39 |    88 |   190 |   321 |   533 |   539 |   795 |   782 |   667 ||  3954
       Reflection        |       |       |       |     8 |    42 |    74 |       |       |       ||   124
       Large shield      |       |       |       |       |       |       |    41 |       |       ||    41
